 Dungeon Crawl Stone Soup version 0.31-a0-145-g046c7d2549 (webtiles) character file.

Game seed: 10990854010087851738

16924 Anon1729 the Cleaver (level 12, -39/106 HPs)
             Began as a Minotaur Monk on June 5, 2023.
             Was a High Priest of Qazlal.
             Annihilated by an enormous slime creature (85 damage)
             ... on level 12 of the Dungeon.
             The game lasted 00:10:09 (8729 turns).

Anon1729 the Cleaver (Minotaur Monk)                Turns: 8729, Time: 00:10:10

Health: -39/106    AC: 18    Str: 21    XL:     12   Next: 14%
Magic:  15/15      EV: 15    Int:  7    God:    Qazlal [*****.]
Gold:   401        SH:  7    Dex: 13    Spells: 11/11 levels left

rFire   + . .        R - +4 broad axe of Fits {heavy, rElec rN+}
rCold   . . .        d - orb {light}
rNeg    + . .        P - +2 plate armour {rF+}
rPois   .            (helmet restricted)
rElec   +            l - +1 cloak of Protective Custody {Harm Rampage rCorr}
rCorr   +            (no gloves)
SInv    +            (no boots)
Will    .....        I - amulet of regeneration Stlth
                     e - +5 ring of evasion
HPRegen 1.17/turn    p - ring of see invisible
MPRegen 0.14/turn

%: harm (+30% outgoing, +20% incoming), repel missiles, rampage
@: about to teleport, glowing
A: horns 2, retaliatory headbutt
a: Renounce Religion, Upheaval, Elemental Force, Disaster Area


You were on level 12 of the Dungeon.
You worshipped Qazlal.
Qazlal was extremely pleased with you.
You visited 2 branches of the dungeon, and saw 13 of its levels.
You also visited: Bailey.

You collected 765 gold pieces.
You spent 364 gold pieces at shops.

Inventory:

Hand Weapons
 a - a +1 war axe of draining
 G - a +3 battleaxe of freezing
 R - the +4 broad axe of Fits (weapon) {heavy, rElec rN+}
   (You bought it in a shop on level 8 of the Dungeon)

   rElec:     It insulates you from electricity.
   rN:        It protects you from negative energy.
Missiles
 y - a curare-tipped dart (quivered)
 K - 2 throwing nets
Armour
 d - an orb of light (worn)
 j - a +0 chain mail
 l - the +1 cloak of Protective Custody (worn) {Harm Rampage rCorr}
   (You acquired it on level 11 of the Dungeon)

   rCorr:     It protects you from acid and corrosion.
   Harm:      It increases damage dealt and taken.
   Rampage:   It bestows one free step when moving towards enemies.
 P - a +2 plate armour of fire resistance (worn)
Jewellery
 e - a +5 ring of evasion (left hand)
 p - a ring of see invisible (right hand)
 H - a ring of resist corrosion
 I - an amulet of regeneration (around neck)
 Q - a ring of magical power
 S - a ring of ice
 V - the ring "Onoew" {*Corrode rPois Int+7}
   (You found it on level 11 of the Dungeon)

   [ring of poison resistance]

   Int:       It affects your intelligence (+7).
   rPois:     It protects you from poison.
   *Corrode:  It may corrode you when you take damage.
Wands
 g - a wand of quicksilver (19)
 n - a wand of roots (19)
 C - a wand of flame (23)
 E - a wand of paralysis (7)
 T - a wand of mindburst (3)
 X - a wand of polymorph (5)
Scrolls
 b - 3 scrolls of immolation
 i - 5 scrolls of teleportation
 m - 3 scrolls of noise
 o - a scroll of brand weapon {unknown}
 q - 4 scrolls of fear
 r - a scroll of enchant weapon {unknown}
 t - a scroll of blinking {unknown}
 u - 3 scrolls of silence
 w - 2 scrolls of magic mapping
 x - 3 scrolls of vulnerability
 F - a scroll of summoning {unknown}
 L - a scroll of enchant armour {unknown}
 M - 5 scrolls of fog {unknown}
 W - a scroll of amnesia {unknown}
Potions
 c - 4 potions of ambrosia
 f - 4 potions of attraction {unknown}
 h - 5 potions of mutation {unknown}
 k - 5 potions of heal wounds
 s - a potion of enlightenment {unknown}
 v - 3 potions of might
 z - a potion of resistance {unknown}
 A - a potion of brilliance {unknown}
 B - a potion of lignification {unknown}
 D - 2 potions of cancellation {unknown}
 J - 6 potions of curing
 N - 2 potions of magic {unknown}
 O - a potion of experience
 U - a potion of degeneration {unknown}


   Skills:
 + Level 10.1 Fighting
 * Level 13.4 Axes
 + Level 9.2 Armour
 + Level 9.1 Dodging
 * Level 9.4 Shields
 * Level 6.4 Invocations


You had 11 spell levels left.
You didn't know any spells.
Your spell library contained the following spells:

 Spells                   Type           Power      Damage    Failure   Level
 Beastly Appendage        Tmut           0%         N/A       100%        1
 Cigotuvi's Dreadful Rot  Necr/Pois/Air  0%         N/A       100%        2
 Wereblood                Tmut           0%         N/A       100%        2
 Spider Form              Tmut/Pois      0%         N/A       100%        3
 Tukima's Dance           Hex            0%         N/A       100%        3
 Animate Dead             Necr           0%         N/A       100%        4
 Dispel Undead            Necr           0%         3d6       100%        4
 Passage of Golubria      Tloc           0%         N/A       100%        4
 Borgnjor's Vile Clutch   Necr/Erth      0%         N/A       100%        5
 Yara's Violent Unravell  Hex/Tmut       0%         3d3       100%        5
 Death Channel            Necr           0%         N/A       100%        6


Dungeon Overview and Level Annotations

Branches:
Dungeon (12/15)            Temple (1/1) D:6            Lair (0/5) D:11
    Orc (0/2) D:11         Bailey (visited)

Altars:
Ashenzari
Cheibriados
Dithmenos
Elyvilon
Fedhas
Gozag
Hepliaklqana
Kikubaaqudgha
Makhleb
Nemelex Xobeh
Okawaru
Qazlal
Ru
Sif Muna
Trog
Uskayaw
Vehumet
Wu Jian
Xom
Yredelemnul
Zin
The Shining One

Shops:
D:5 [   D:8 [((((   D:11 !


Innate Abilities, Weirdness & Mutations

You have a pair of horns on your head.
You reflexively headbutt those who attack you in melee.


Message History

You furiously retaliate!
You headbutt the slime creature.
A slime creature comes into view.
You slice the slime creature!!
You kill the slime creature!
Qazlal accepts your kill.
You hear a howl!
The slime creature is engulfed in blazing flames.
Two slime creatures merge to form a large slime creature.
You slash the slime creature!
The slime creature is heavily wounded.
You hear a horrible gurgling sound!
The slime creature is engulfed in blazing flames.
The slime creature hits you but does no damage.
A slime creature comes into view.
The slime creature is engulfed in blazing flames.
You kill the slime creature!
Qazlal accepts your kill.
You rampage towards the slime creature!
The slime creature hits you but does no damage.
You slice the slime creature!! You headbutt the slime creature.
The slime creature is severely wounded.
Two slime creatures merge to form a very large slime creature.
You slash the very large slime creature!
The very large slime creature is moderately wounded.
The very large slime creature hits you!!!
Ouch! That really hurt!
Two slime creatures merge to form an enormous slime creature.
You hear a howl!
An enormous slime creature is nearby!
An enormous slime creature is nearby!
An enormous slime creature is nearby!
You are too injured to fight recklessly!
Okay, then.
Press: ? - help, v - describe, . - travel
Here: an enormous slime creature (moderately wounded, haloed)
The floor.
As you read the scroll of teleportation, it crumbles to dust.
You feel strangely unstable. The enormous slime creature hits you!!!
Ouch! That really hurt!
You die...

.... ... ... ..#
#.# #.#
#######J#######
....$.§@○°.....
.....°..○......
#######........
#........
#........
##########........
..................
..................
.......[..........


You could see an enormous slime creature.

Vanquished Creatures
  An orc warlord (Bailey)
  Erolcha (D:11)
  Fannar (D:11)
  A boulder beetle (D:11)
  2 two-headed ogres
  Pikel (D:6)
  2 manticores (D:11)
  An ugly thing (D:10)
  A cyclops (D:11)
  A troll (D:11)
  Prince Ribbit (D:6)
  3 hornets
  Grinder (D:5)
  2 slime creatures (D:12)
  2 shadows
  3 vampires
  A wraith (D:5)
  A wyvern (D:9)
  20 yaks
  Eustachio (D:6)
  Menkaure (D:5)
  An acid dragon (D:10)
  4 water moccasins
  14 orc warriors
  4 sky beasts
  A black bear (D:5)
  7 centaurs
  A lemure (D:6)
  5 kobold brigands
  Blork the orc (D:5)
  2 bullfrogs (D:8)
  A gnoll sergeant (D:10)
  4 wights (D:7)
  12 killer bees
  An electric eel (D:7)
  5 howler monkeys
  A crimson imp (D:6)
  A jelly (D:6)
  5 hounds
  4 orc priests
  5 iguanas
  Jessica (D:2)
  5 orc wizards
  Ijyb (D:5)
  2 sleepcaps
  14 gnolls
  9 adders
  A shadow imp (D:8)
  4 white imps
  An ufetubus (D:5)
  2 worms
  A dart slug (D:3)
  59 orcs
  5 endoplasms
  3 giant cockroaches
  14 hobgoblins
  3 jackals (D:3)
  22 kobolds
  4 quokkas
  3 ball pythons
  3 bats
  5 frilled lizards
  13 goblins
  9 rats
311 creatures vanquished.

Notes
Turn   | Place    | Note
-------+----------+-------------------------------------------
     0 | D:1      | Anon1729 the Minotaur Monk began the quest for the Orb.
     0 | D:1      | Reached XP level 1. HP: 19/19 MP: 0/0
   241 | D:1      | Reached XP level 2. HP: 21/27 MP: 1/1
   384 | D:1      | Reached skill level 4 in Axes
   776 | D:1      | Reached skill level 1 in Armour
  1010 | D:2      | Noticed Jessica
  1018 | D:2      | Killed Jessica
  1019 | D:2      | Reached XP level 3. HP: 24/33 MP: 2/2
  1245 | D:2      | Reached XP level 4. HP: 40/40 MP: 3/3
  1492 | D:3      | Found a blossoming altar of Fedhas.
  1552 | D:3      | Reached skill level 5 in Axes
  1614 | D:3      | Reached XP level 5. HP: 47/47 MP: 4/4
  1949 | D:3      | Found a white marble altar of Elyvilon.
  1968 | D:3      | Found a glowing golden altar of the Shining One.
  1974 | D:3      | Found a glowing silver altar of Zin.
  2096 | D:4      | You fall into a shaft and drop 2 floors!
  2184 | D:6      | Found a staircase to the Ecumenical Temple.
  2192 | Temple   | Entered the Ecumenical Temple
  2450 | Temple   | Became a worshipper of Qazlal Stormbringer
  2450 | Temple   | Reached * piety under Qazlal
  2450 | Temple   | Reached ** piety under Qazlal
  2498 | D:6      | Noticed a sky beast
  2506 | D:6      | Reached XP level 6. HP: 47/55 MP: 5/5
  2513 | D:6      | Killed a sky beast
  2514 | D:6      | Reached skill level 5 in Fighting
  2514 | D:6      | Reached skill level 6 in Axes
  2570 | D:6      | Noticed a water moccasin
  2580 | D:6      | Killed a water moccasin
  2639 | D:6      | Noticed Eustachio
  2652 | D:6      | Killed Eustachio
  2653 | D:6      | Reached skill level 7 in Axes
  2653 | D:6      | Reached skill level 5 in Dodging
  2653 | D:6      | Reached XP level 7. HP: 52/61 MP: 6/6
  2769 | D:6      | Noticed Prince Ribbit
  2798 | D:6      | Killed Prince Ribbit
  2927 | D:6      | Noticed Pikel
  2941 | D:6      | Killed Pikel
  2942 | D:6      | Reached skill level 8 in Axes
  2942 | D:6      | Reached skill level 5 in Armour
  2942 | D:6      | Reached XP level 8. HP: 45/71 MP: 7/7
  3087 | D:6      | Found a shimmering altar of Xom.
  3088 | D:6      | Found a burning altar of Makhleb.
  3265 | D:5      | Entered Level 5 of the Dungeon
  3281 | D:5      | Reached skill level 9 in Axes
  3313 | D:5      | Found Ablus's Armour Shop.
  3456 | D:5      | Noticed Menkaure
  3464 | D:5      | Killed Menkaure
  3656 | D:5      | Noticed Blork the orc
  3660 | D:5      | Noticed Grinder
  3661 | D:5      | Killed Blork the orc
  3662 | D:5      | Reached XP level 9. HP: 78/79 MP: 8/8
  3673 | D:5      | Reached *** piety under Qazlal
  3674 | D:5      | Paralysed by Grinder for 3 turns
  3683 | D:5      | Killed Grinder
  3684 | D:5      | Reached skill level 1 in Shields
  3844 | D:5      | Noticed Ijyb
  3850 | D:5      | Killed Ijyb
  3862 | D:5      | Reached skill level 10 in Axes
  3995 | D:5      | Identified the +4 trident "Bediomyxt" {vamp, rPois Dex-3
                  | SInv Stlth+}
  5226 | D:7      | Reached skill level 11 in Axes
  5229 | D:7      | Reached **** piety under Qazlal
  5230 | D:7      | Reached XP level 10. HP: 85/88 MP: 9/9
  5247 | D:7      | Reached skill level 5 in Shields
  5682 | D:8      | Found a flagged portal.
  5686 | D:8      | Reached skill level 1 in Invocations
  5697 | Bailey   | Entered a bailey
  5864 | Bailey   | Reached ***** piety under Qazlal
  5899 | Bailey   | Noticed an orc warlord
  5918 | Bailey   | Killed an orc warlord
  6024 | D:8      | Found Dehud's Weapon Shoppe.
  6128 | D:8      | Found Qygaez Effe's Armour Shoppe.
  6256 | D:8      | Found Qockoeck's Weapon Emporium.
  6257 | D:8      | Found Jaarphassa's Antique Weapon Shoppe.
  6338 | D:8      | Found Pumib's Antique Weapon Boutique.
  6356 | D:8      | Bought a jewelled broad axe for 252 gold pieces
  6356 | D:8      | Identified the +4 broad axe of Fits {heavy, rElec rN+} (You
                  | bought it in a shop on level 8 of the Dungeon)
  6769 | D:9      | Found an iron altar of Okawaru.
  6857 | D:9      | Reached skill level 12 in Axes
  7001 | D:9      | Reached XP level 11. HP: 97/97 MP: 12/12
  7313 | D:10     | Entered Level 10 of the Dungeon
  7313 | D:10     | Noticed a white ugly thing
  7317 | D:10     | Killed a white ugly thing
  7441 | D:10     | Reached skill level 5 in Invocations
  7620 | D:10     | Found a sparkling altar of Nemelex Xobeh.
  7620 | D:10     | Found a broken altar of Ashenzari.
  7976 | D:11     | Found a staircase to the Lair.
  8000 | D:11     | Identified the ring "Onoew" {*Corrode rPois Int+7}
  8029 | D:11     | Noticed a boulder beetle
  8036 | D:11     | Killed a boulder beetle
  8124 | D:11     | Found Qeb Jex's Distillery.
  8167 | D:11     | Bought a potion of curing for 42 gold pieces
  8167 | D:11     | Bought a potion of heal wounds for 70 gold pieces
  8170 | D:11     | Identified a scroll of acquirement
  8175 | D:11     | Acquired the +1 cloak of Protective Custody {Harm Rampage
                  | rCorr}
  8189 | D:11     | Noticed a two-headed ogre
  8190 | D:11     | Killed a two-headed ogre
  8191 | D:11     | Reached skill level 13 in Axes
  8225 | D:11     | Reached ****** piety under Qazlal
  8259 | D:11     | Noticed Fannar
  8263 | D:11     | Killed Fannar
  8539 | D:11     | Noticed Erolcha
  8544 | D:11     | Killed Erolcha
  8545 | D:11     | Reached skill level 10 in Fighting
  8545 | D:11     | Reached XP level 12. HP: 106/106 MP: 15/15
  8597 | D:11     | Found a staircase to the Orcish Mines.
  8666 | D:12     | Noticed a two-headed ogre
  8671 | D:12     | Killed a two-headed ogre
  8729 | D:12     | Annihilated by an enormous slime creature

Illustrated notes

Levels and vault maps discovered:
D:1:      grunt_arrival_lava_bath, layout_loops_ring, serial_forest,
          infiniplex_forest_straight_3, infiniplex_forest_clump_medium,
          infiniplex_forest_straight_2, infiniplex_forest_end_1,
          infiniplex_forest_corner_1, infiniplex_forest_lined_3,
          infiniplex_forest_lined_2, infiniplex_forest_join,
          infiniplex_forest_end_1, roderic_roman_lattice
D:2:      layout_rooms, minmay_tetromino_o4, uniq_jessica
D:3:      layout_basic, good_gods_mini_temple, fedhas_altar_1
D:4:      layout_loops_ring
D:5:      minmay_clustersquares, layout_basic, serial_shops, shop,
          chequers_mini_garden, grunt_ministairs_1, uniq_grinder,
          uniq_blork_the_orc, uniq_ijyb, uniq_menkaure
D:6:      layout_basic, grunt_temple_overflow_champion_of_chaos,
          minmay_temple_entry_proselytizer, uniq_pikel, uniq_prince_ribbit1,
          uniq_eustachio
D:7:      layout_basic, serial_bayou_ford_a, supply_closet_lemuel,
          chequers_arboretum
D:8:      layout_basic, serial_shops, shop_fountains, shop,
          nicolae_shop_tiny_statue_garden, nicolae_shop_statue_plus, shop,
          enter_bailey_1, minivault_26, kennysheep_small_circle
D:9:      layout_loops_cross, old_standard_altar, hangedman_glass_garden
D:10:     layout_long_grid, gammafunk_temple_overflow_wave
D:11:     layout_roguey, lair_entry_dummy, hiddenorc1_lemuel, serial_shops,
          nicolae_stop_n_shop_2, uniq_erolcha, uniq_fannar
D:12:     layout_long_grid
Temple:   nicolae_temple_figure_eight

Skill      XL: |  1  2  3  4  5  6  7  8  9 10 11 |
---------------+----------------------------------+-----
Axes           | 4 5 7 8 9 11 12 13 | 13.4
Armour         | 1 2 3 4 5 6 7 8 9 |  9.2
Fighting       | 4 5 6 7 8 9 10 | 10.1
Dodging        | 4 5 6 7 8 9 |  9.1
Shields        | 4 7 9 |  9.4
Invocations    | 3 6 |  6.4

Action                     |  1- 3 |  4- 6 |  7- 9 | 10-12 || total
---------------------------+-------+-------+-------+-------++-------
  Melee: Hand axe          |    56 |    93 |    88 |       ||   237
         Headbutt          |     6 |    22 |    37 |    42 ||   107
         War axe           |       |       |    83 |   122 ||   205
         Broad axe         |       |       |       |   136 ||   136
  Evoke: Wand              |       |       |       |     2 ||     2
    Use: Scroll            |       |       |       |    10 ||    10
   Stab: Paralysed         |       |       |       |    10 ||    10
 Armour: Chain mail        |    20 |    33 |    33 |     9 ||    95
         Robe              |     1 |       |       |       ||     1
         Plate armour      |       |       |       |    69 ||    69
  Dodge: Dodged            |    28 |    54 |    88 |   164 ||   334
  Block: Orb               |       |     4 |    23 |    82 ||   109

Table legend: (Time is in decaauts)
 A = Elapsed time spent in this place.
 B = Non-inter-level travel time spent in this place.
 C = Inter-level travel time spent in this place.
 D = Time resting spent in this place.
 E = Time spent auto-exploring this place.
 F = Levels seen in this place.
 G = Mean time per level.
                   A        B        C        D        E       F      G
               +--------+--------+--------+--------+--------+-----+--------+
         Total |   8785 |   8406 |    379 |     32 |   6957 |  14 |  627.5 |
       Dungeon |   8217 |   7850 |    367 |     26 |   6569 |  12 |  684.8 |
        Temple |    270 |    258 |     12 |      0 |    256 |   1 |  270.0 |
        Bailey |    297 |    297 |      0 |      6 |    132 |   1 |  297.0 |
               +--------+--------+--------+--------+--------+-----+--------+

Top non-repeatable levels by time:
     D:5: 1057 daAuts
     D:1: 979 daAuts
     D:6: 907 daAuts
    D:11: 764 daAuts
     D:8: 735 daAuts
     D:7: 692 daAuts
     D:9: 652 daAuts
     D:3: 627 daAuts
    D:10: 615 daAuts
     D:4: 612 daAuts
     D:2: 496 daAuts
  Bailey: 297 daAuts
  Temple: 270 daAuts
    D:12: 76 daAuts
